[ AOE2 MATCH · #481548191 ]
Team RMBerbers vs Persians
[ REPLAY ANALYSIS · EXTRACTED FROM THE RECORDED GAME ]
Feudal
10:07
Castle
25:11
Imperial
—
| APM avg | 37.9 |
| APM peak | 67 |
| eAPM avg | 13.0 |
| Villagers / military | 59 / 15 |
Focus
⚔️ 23.1% · 🌾 76.9%
Scout Cavalry ×12 · Knight ×2 · Spearman ×1
Feudal
8:26
Castle
24:08
Imperial
—
| APM avg | 53.5 |
| APM peak | 88 |
| eAPM avg | 18.6 |
| Villagers / military | 106 / 87 |
Focus
⚔️ 22.0% · 🌾 78.0%
Knight ×64 · Scout Cavalry ×23
Feudal
7:36
Castle
22:00
Imperial
—
| APM avg | 44.1 |
| APM peak | 70 |
| eAPM avg | 17.4 |
| Villagers / military | 78 / 95 |
Focus
⚔️ 41.3% · 🌾 58.7%
Archer ×95
Feudal
9:52
Castle
23:21
Imperial
—
| APM avg | 38.1 |
| APM peak | 65 |
| eAPM avg | 14.1 |
| Villagers / military | 108 / 56 |
Focus
⚔️ 26.4% · 🌾 73.6%
Knight ×31 · Scout Cavalry ×23 · Monk ×2
Feudal
9:30
Castle
22:43
Imperial
—
| APM avg | 29.8 |
| APM peak | 57 |
| eAPM avg | 14.0 |
| Villagers / military | 68 / 54 |
Focus
⚔️ 25.8% · 🌾 74.2%
Archer ×43 · Ghulam ×10 · Spearman ×1
Feudal
8:56
Castle
25:37
Imperial
—
| APM avg | 58.3 |
| APM peak | 106 |
| eAPM avg | 24.3 |
| Villagers / military | 89 / 101 |
Focus
⚔️ 49.3% · 🌾 50.7%
Scout Cavalry ×64 · Knight ×33 · Spearman ×4
Feudal
9:08
Castle
22:56
Imperial
—
| APM avg | 57.0 |
| APM peak | 82 |
| eAPM avg | 19.7 |
| Villagers / military | 104 / 68 |
Focus
⚔️ 27.2% · 🌾 72.8%
Archer ×68
Feudal
9:26
Castle
31:32
Imperial
—
| APM avg | 30.0 |
| APM peak | 41 |
| eAPM avg | 14.0 |
| Villagers / military | 75 / 64 |
Focus
⚔️ 29.5% · 🌾 70.5%
Archer ×64
Match map
Initial resources + every placement click. Lines = walls · curves = elevation contours. ◆ gold · ⬟ stone · ● berries · ✦ relic · ◌ wall gap
Your base· Open — unwalled flank
Xrouma's base· ✓ Closed at 24:08 · 67t walls · 1 gate(s)
ccereal's base· ✓ Closed at 22:00 · 31t walls · 2 gate(s)
_FJ_菜并快乐's base· Open — 6t gap
.'s base· Open — 5t gap
p0n0n0's base· ✓ Closed at 25:37 · 50t walls · 2 gate(s)
_FJ_将心's base· Open — 1t gap
Tonymontana's base· Open — 4t gap
Smoothed initial terrain · ◌ = detected wall gap · hover for details
Inputs per minute
— AstrowPro - - Xrouma
Build order — AstrowPro
First 150 of 178 actions detected
| 0:00 | Create | Villager (Male) |
| 0:00 | Create | Villager (Male) |
| 0:01 | Create | Villager (Male) |
| 0:02 | Build | House |
| 0:04 | Build | House |
| 0:49 | Create | Villager (Male) |
| 1:34 | Research | Loom |
| 1:34 | Create | Villager (Male) |
| 2:07 | Create | Villager (Male) |
| 2:34 | Build | Lumber Camp |
| 2:47 | Create | Villager (Male) |
| 2:47 | Create | Villager (Male) |
| 3:38 | Create | Villager (Male) |
| 3:38 | Create | Villager (Male) |
| 3:38 | Create | Villager (Male) |
| 4:14 | Build | House |
| 4:19 | Build | House |
| 4:42 | Build | House |
| 4:56 | Create | Villager (Male) |
| 4:56 | Create | Villager (Male) |
| 5:26 | Build | Mill |
| 5:52 | Create | Villager (Male) |
| 6:11 | Create | Villager (Male) |
| 6:24 | Create | Villager (Male) |
| 6:51 | Create | Villager (Male) |
| 7:30 | Create | Villager (Male) |
| 7:43 | Research | Feudal Age |
| 8:15 | Build | Barracks |
| 9:11 | Create | Villager (Male) |
| 9:22 | Build | Palisade Wall |
| 9:23 | Build | Palisade Wall |
| 9:23 | Build | Palisade Wall |
| 9:24 | Build | Palisade Wall |
| 9:38 | Build | House |
| 9:44 | Create | Villager (Male) |
| 10:07 | Age | Feudal Age |
| 10:11 | Build | Stable |
| 10:21 | Build | Palisade Wall |
| 10:23 | Build | Palisade Wall |
| 10:24 | Build | Palisade Wall |
| 10:25 | Build | Palisade Wall |
| 10:33 | Research | Double-Bit Axe |
| 10:51 | Build | Farm |
| 10:57 | Create | Villager (Male) |
| 11:03 | Build | Blacksmith |
| 11:19 | Create | Scout Cavalry |
| 11:19 | Create | Scout Cavalry |
| 11:31 | Create | Villager (Male) |
| 11:36 | Create | Spearman |
| 11:46 | Build | Farm |
| 11:49 | Build | Farm |
| 11:51 | Build | Farm |
| 11:54 | Research | Forging |
| 11:56 | Build | House |
| 11:58 | Build | Palisade Wall |
| 11:59 | Build | Palisade Wall |
| 11:59 | Build | Palisade Wall |
| 12:05 | Create | Villager (Male) |
| 12:05 | Create | Villager (Male) |
| 12:08 | Build | Farm |
| 12:10 | Build | Farm |
| 12:24 | Build | Palisade Gate |
| 12:52 | Create | Villager (Male) |
| 12:53 | Create | Scout Cavalry |
| 13:10 | Build | House |
| 13:11 | Create | Villager (Male) |
| 13:20 | Create | Scout Cavalry |
| 13:33 | Build | Market |
| 13:36 | Build | Palisade Wall |
| 13:39 | Build | Stable |
| 13:48 | Build | House |
| 13:49 | Create | Villager (Male) |
| 13:55 | Build | Farm |
| 14:01 | Create | Villager (Male) |
| 14:08 | Create | Scout Cavalry |
| 14:20 | Build | House |
| 14:21 | Build | House |
| 14:31 | Create | Scout Cavalry |
| 14:40 | Create | Villager (Male) |
| 14:46 | Create | Villager (Male) |
| 14:52 | Build | Mining Camp |
| 14:54 | Build | Farm |
| 14:55 | Build | Farm |
| 14:58 | Build | Farm |
| 15:01 | Create | Scout Cavalry |
| 15:21 | Build | House |
| 15:22 | Build | House |
| 15:48 | Create | Scout Cavalry |
| 15:49 | Create | Villager (Male) |
| 15:51 | Build | Farm |
| 15:53 | Build | Farm |
| 15:53 | Build | Farm |
| 16:10 | Build | Farm |
| 16:11 | Create | Scout Cavalry |
| 16:19 | Build | Palisade Wall |
| 16:30 | Build | Palisade Wall |
| 16:34 | Build | Palisade Wall |
| 16:41 | Build | Palisade Gate |
| 16:47 | Create | Villager (Male) |
| 16:50 | Research | Scale Barding Armor |
| 17:13 | Create | Villager (Male) |
| 17:13 | Create | Villager (Male) |
| 17:17 | Build | Farm |
| 17:23 | Create | Villager (Male) |
| 17:47 | Build | Palisade Wall |
| 17:51 | Create | Scout Cavalry |
| 18:20 | Create | Villager (Male) |
| 18:23 | Build | Lumber Camp |
| 19:05 | Create | Villager (Male) |
| 19:07 | Build | Farm |
| 19:09 | Build | Farm |
| 19:11 | Create | Villager (Male) |
| 19:24 | Build | House |
| 19:30 | Build | Mining Camp |
| 19:33 | Build | House |
| 19:34 | Build | House |
| 19:50 | Build | Farm |
| 19:51 | Create | Villager (Male) |
| 19:52 | Create | Scout Cavalry |
| 20:10 | Research | Wheelbarrow |
| 20:15 | Build | Farm |
| 20:22 | Build | Palisade Wall |
| 20:29 | Create | Scout Cavalry |
| 20:32 | Research | Bloodlines |
| 20:35 | Create | Villager (Male) |
| 20:51 | Build | Watch Tower |
| 21:21 | Build | Palisade Wall |
| 22:05 | Build | Farm |
| 22:06 | Build | Farm |
| 22:08 | Build | Farm |
| 22:19 | Build | Farm |
| 22:31 | Research | Castle Age |
| 23:18 | Build | Palisade Wall |
| 23:26 | Build | Palisade Wall |
| 23:42 | Build | Palisade Wall |
| 23:44 | Build | Palisade Wall |
| 23:45 | Build | Palisade Wall |
| 23:46 | Build | Palisade Wall |
| 24:38 | Create | Villager (Male) |
| 24:57 | Build | Farm |
| 24:57 | Build | Farm |
| 25:11 | Age | Castle Age |
| 25:16 | Research | Fletching |
| 25:25 | Build | Watch Tower |
| 26:10 | Research | Hand Cart |
| 26:38 | Build | Palisade Wall |
| 26:48 | Build | Farm |
| 26:49 | Create | Villager (Male) |
| 26:50 | Create | Villager (Male) |
| 27:12 | Build | Palisade Wall |
Build order — Xrouma
First 150 of 282 actions detected
| 0:01 | Create | Villager (Male) |
| 0:01 | Create | Villager (Male) |
| 0:01 | Create | Villager (Male) |
| 0:02 | Create | Villager (Male) |
| 0:03 | Build | House |
| 0:05 | Build | House |
| 0:07 | Create | Villager (Male) |
| 1:31 | Create | Villager (Male) |
| 1:41 | Build | Lumber Camp |
| 2:05 | Create | Villager (Male) |
| 2:05 | Create | Villager (Male) |
| 2:16 | Create | Villager (Male) |
| 2:51 | Create | Villager (Male) |
| 3:14 | Build | House |
| 3:24 | Create | Villager (Male) |
| 3:24 | Create | Villager (Male) |
| 3:54 | Create | Villager (Male) |
| 3:54 | Create | Villager (Male) |
| 4:01 | Build | House |
| 4:02 | Build | Palisade Wall |
| 4:06 | Create | Villager (Male) |
| 4:06 | Create | Villager (Male) |
| 4:06 | Create | Villager (Male) |
| 4:56 | Build | Mill |
| 5:03 | Create | Villager (Male) |
| 5:04 | Create | Villager (Male) |
| 5:35 | Research | Loom |
| 5:35 | Research | Loom |
| 6:21 | Research | Feudal Age |
| 6:21 | Research | Feudal Age |
| 7:24 | Build | Barracks |
| 7:37 | Create | Villager (Male) |
| 8:26 | Age | Feudal Age |
| 8:33 | Build | Stable |
| 8:36 | Create | Villager (Male) |
| 8:44 | Research | Double-Bit Axe |
| 8:45 | Research | Double-Bit Axe |
| 8:57 | Create | Villager (Male) |
| 9:03 | Build | House |
| 9:16 | Create | Scout Cavalry |
| 9:16 | Create | Scout Cavalry |
| 9:20 | Research | Horse Collar |
| 9:23 | Create | Villager (Male) |
| 9:30 | Build | Palisade Wall |
| 9:46 | Create | Villager (Male) |
| 9:52 | Build | House |
| 9:58 | Create | Scout Cavalry |
| 10:01 | Build | Farm |
| 10:06 | Build | Farm |
| 10:14 | Create | Villager (Male) |
| 10:24 | Build | Palisade Wall |
| 10:32 | Create | Villager (Male) |
| 10:34 | Build | Farm |
| 10:46 | Build | Farm |
| 10:48 | Create | Villager (Male) |
| 11:18 | Create | Villager (Male) |
| 11:21 | Build | Farm |
| 11:28 | Create | Scout Cavalry |
| 11:31 | Build | Farm |
| 11:33 | Build | House |
| 11:44 | Create | Villager (Male) |
| 11:46 | Build | Farm |
| 11:54 | Create | Villager (Male) |
| 12:01 | Build | Farm |
| 12:04 | Create | Villager (Male) |
| 12:08 | Build | Palisade Wall |
| 12:18 | Create | Villager (Male) |
| 12:22 | Build | Palisade Wall |
| 12:29 | Build | Farm |
| 12:29 | Build | Farm |
| 12:37 | Create | Villager (Male) |
| 12:42 | Build | House |
| 12:57 | Create | Scout Cavalry |
| 12:58 | Create | Scout Cavalry |
| 13:00 | Build | Farm |
| 13:09 | Create | Villager (Male) |
| 13:15 | Build | Palisade Wall |
| 13:20 | Build | Mining Camp |
| 13:22 | Build | Farm |
| 13:39 | Create | Villager (Male) |
| 13:41 | Build | Farm |
| 13:52 | Build | Palisade Wall |
| 14:05 | Research | Wheelbarrow |
| 14:05 | Research | Wheelbarrow |
| 14:11 | Build | Farm |
| 14:11 | Build | Farm |
| 14:20 | Build | Palisade Wall |
| 14:35 | Create | Scout Cavalry |
| 14:35 | Create | Scout Cavalry |
| 14:42 | Build | Farm |
| 14:49 | Build | Palisade Wall |
| 14:54 | Create | Scout Cavalry |
| 15:38 | Create | Villager (Male) |
| 15:39 | Create | Villager (Male) |
| 15:42 | Build | Palisade Wall |
| 15:50 | Build | Stable |
| 15:56 | Create | Scout Cavalry |
| 15:59 | Build | Blacksmith |
| 16:14 | Build | Palisade Gate |
| 16:19 | Create | Villager (Male) |
| 16:22 | Build | House |
| 16:37 | Build | Lumber Camp |
| 16:48 | Create | Villager (Male) |
| 16:48 | Create | Villager (Male) |
| 16:54 | Research | Scale Barding Armor |
| 16:55 | Research | Scale Barding Armor |
| 16:58 | Build | House |
| 16:59 | Build | House |
| 17:12 | Build | Farm |
| 17:13 | Build | Farm |
| 17:18 | Research | Bloodlines |
| 17:18 | Research | Bloodlines |
| 17:20 | Research | Forging |
| 17:24 | Create | Scout Cavalry |
| 17:25 | Create | Scout Cavalry |
| 17:31 | Create | Villager (Male) |
| 17:33 | Build | Farm |
| 17:51 | Create | Scout Cavalry ×2 |
| 17:51 | Create | Scout Cavalry ×2 |
| 17:59 | Build | Farm |
| 17:59 | Build | Farm |
| 18:19 | Create | Scout Cavalry ×2 |
| 18:25 | Build | Farm |
| 18:26 | Build | Farm |
| 18:27 | Create | Villager (Male) |
| 18:27 | Create | Villager (Male) |
| 18:28 | Create | Villager (Male) |
| 18:36 | Build | Farm |
| 19:06 | Create | Scout Cavalry |
| 19:07 | Create | Scout Cavalry |
| 19:07 | Create | Scout Cavalry |
| 19:13 | Build | Farm |
| 19:14 | Build | Farm |
| 19:33 | Create | Villager (Male) |
| 19:35 | Create | Scout Cavalry ×2 |
| 19:47 | Create | Villager (Male) |
| 20:02 | Build | House |
| 20:06 | Build | House |
| 20:07 | Build | House |
| 20:22 | Create | Villager (Male) |
| 20:48 | Build | Stable |
| 20:57 | Create | Villager (Male) |
| 21:01 | Build | Market |
| 21:04 | Create | Villager (Male) |
| 21:06 | Build | House |
| 21:06 | Build | House |
| 21:07 | Build | House |
| 21:38 | Research | Castle Age |
| 21:39 | Research | Castle Age |
| 21:59 | Research | Gold Mining |
Build order — ccereal
First 150 of 245 actions detected
| 0:00 | Create | Villager (Male) |
| 0:02 | Build | House |
| 0:03 | Build | House |
| 0:07 | Create | Villager (Male) |
| 0:13 | Create | Villager (Male) |
| 0:17 | Create | Villager (Male) |
| 1:36 | Create | Villager (Male) |
| 1:53 | Create | Villager (Male) |
| 1:53 | Create | Villager (Male) |
| 2:19 | Create | Villager (Male) |
| 2:19 | Create | Villager (Male) |
| 2:19 | Create | Villager (Male) |
| 2:38 | Build | House |
| 2:49 | Create | Villager (Male) |
| 2:52 | Create | Villager (Male) |
| 2:53 | Create | Villager (Male) |
| 3:11 | Build | Lumber Camp |
| 3:20 | Create | Villager (Male) |
| 3:20 | Create | Villager (Male) |
| 4:19 | Create | Villager (Male) |
| 4:49 | Build | Mining Camp |
| 4:53 | Research | Loom |
| 5:25 | Research | Feudal Age |
| 5:26 | Research | Feudal Age |
| 6:02 | Build | House |
| 6:30 | Build | Barracks |
| 6:42 | Build | Palisade Wall |
| 6:43 | Build | Palisade Wall |
| 6:45 | Build | Palisade Wall |
| 6:46 | Build | Palisade Wall |
| 7:04 | Create | Villager (Male) |
| 7:36 | Age | Feudal Age |
| 7:38 | Build | Archery Range |
| 7:49 | Research | Double-Bit Axe |
| 7:49 | Research | Double-Bit Axe |
| 7:52 | Create | Villager (Male) |
| 8:14 | Create | Villager (Male) |
| 8:35 | Create | Villager (Male) |
| 8:46 | Create | Villager (Male) |
| 8:51 | Build | Archery Range |
| 8:52 | Create | Villager (Male) |
| 9:14 | Create | Villager (Male) |
| 9:19 | Build | House |
| 9:26 | Create | Villager (Male) |
| 9:30 | Create | Archer |
| 9:32 | Build | Palisade Gate |
| 9:41 | Build | Palisade Gate |
| 9:46 | Create | Archer |
| 9:47 | Create | Archer |
| 9:47 | Create | Archer |
| 10:03 | Build | House |
| 10:26 | Build | Blacksmith |
| 10:27 | Create | Archer |
| 10:27 | Create | Archer |
| 10:29 | Create | Villager (Male) |
| 10:41 | Build | Palisade Wall |
| 10:46 | Create | Villager (Male) |
| 11:13 | Research | Fletching |
| 11:28 | Build | House |
| 11:41 | Create | Archer |
| 11:41 | Create | Archer |
| 11:47 | Create | Villager (Male) |
| 11:52 | Build | Mill |
| 11:58 | Create | Archer |
| 12:05 | Build | House |
| 12:13 | Create | Archer |
| 12:14 | Create | Archer |
| 12:15 | Create | Villager (Male) |
| 12:18 | Build | Farm |
| 12:20 | Build | Farm |
| 12:23 | Build | Farm |
| 12:30 | Create | Archer |
| 12:36 | Build | House |
| 12:43 | Build | Palisade Wall |
| 12:53 | Build | Palisade Wall |
| 12:54 | Build | Palisade Wall |
| 12:59 | Create | Archer |
| 13:04 | Create | Archer |
| 13:04 | Create | Archer |
| 13:08 | Build | House |
| 13:11 | Build | Palisade Wall |
| 13:17 | Create | Archer |
| 13:17 | Create | Archer |
| 13:26 | Create | Villager (Male) |
| 13:37 | Create | Archer |
| 13:38 | Create | Archer |
| 13:48 | Create | Archer |
| 13:49 | Create | Villager (Male) |
| 14:10 | Create | Villager (Male) |
| 14:11 | Build | Farm |
| 14:16 | Build | Farm |
| 14:19 | Create | Archer |
| 14:24 | Create | Archer |
| 14:24 | Create | Archer |
| 14:26 | Create | Villager (Male) |
| 14:40 | Build | Farm |
| 14:44 | Create | Archer |
| 14:47 | Build | House |
| 15:00 | Research | Town Watch |
| 15:01 | Create | Archer |
| 15:05 | Create | Villager (Male) |
| 15:11 | Build | Farm |
| 15:16 | Create | Archer |
| 15:22 | Build | House |
| 15:39 | Create | Archer |
| 15:40 | Create | Archer |
| 15:45 | Create | Archer |
| 16:08 | Create | Archer |
| 16:08 | Create | Archer |
| 16:19 | Create | Archer |
| 16:19 | Create | Archer |
| 16:25 | Build | House |
| 16:45 | Create | Archer |
| 16:45 | Create | Archer |
| 17:09 | Build | House |
| 17:11 | Research | Wheelbarrow |
| 17:40 | Create | Archer |
| 18:05 | Create | Archer |
| 18:07 | Build | Lumber Camp |
| 18:11 | Create | Archer |
| 18:19 | Build | House |
| 18:48 | Build | Farm |
| 18:54 | Create | Archer |
| 18:54 | Create | Archer |
| 19:11 | Build | House |
| 19:20 | Research | Castle Age |
| 19:21 | Research | Castle Age |
| 19:22 | Create | Archer |
| 19:30 | Create | Archer |
| 20:21 | Create | Archer |
| 20:21 | Create | Archer |
| 20:21 | Create | Archer |
| 20:31 | Create | Archer |
| 20:31 | Create | Archer |
| 20:35 | Research | Horse Collar |
| 20:35 | Research | Gold Mining |
| 21:19 | Build | Farm |
| 21:34 | Create | Archer |
| 21:56 | Create | Villager (Male) |
| 22:00 | Age | Castle Age |
| 22:01 | Research | Crossbowman (upgrade) |
| 22:16 | Research | Bodkin Arrow |
| 22:51 | Create | Villager (Male) |
| 22:52 | Create | Villager (Male) |
| 22:54 | Build | Town Center |
| 23:30 | Create | Archer |
| 23:42 | Create | Archer |
| 23:42 | Create | Archer |
| 23:43 | Create | Archer |
| 23:44 | Create | Villager (Male) |
Build order — _FJ_菜并快乐
First 150 of 252 actions detected
| 0:06 | Build | House |
| 0:08 | Build | House |
| 0:14 | Create | Villager (Male) |
| 0:14 | Create | Villager (Male) |
| 0:15 | Create | Villager (Male) |
| 0:15 | Create | Villager (Male) |
| 0:15 | Create | Villager (Male) |
| 1:42 | Create | Villager (Male) |
| 1:43 | Create | Villager (Male) |
| 2:13 | Create | Villager (Male) |
| 2:14 | Create | Villager (Male) |
| 2:30 | Build | Lumber Camp |
| 2:34 | Create | Villager (Male) |
| 2:35 | Create | Villager (Male) |
| 3:02 | Create | Villager (Male) |
| 3:02 | Create | Villager (Male) |
| 3:22 | Create | Villager (Male) |
| 3:23 | Create | Villager (Male) |
| 3:42 | Build | House |
| 4:26 | Create | Villager (Male) |
| 4:26 | Create | Villager (Male) |
| 4:26 | Create | Villager (Male) |
| 5:22 | Build | Mill |
| 5:31 | Create | Villager (Male) |
| 5:31 | Create | Villager (Male) |
| 6:08 | Create | Villager (Male) |
| 6:14 | Create | Villager (Male) |
| 6:50 | Build | House |
| 6:55 | Research | Loom |
| 7:42 | Research | Feudal Age |
| 7:42 | Research | Feudal Age |
| 7:51 | Build | Barracks |
| 8:42 | Build | Palisade Wall |
| 9:07 | Build | Palisade Wall |
| 9:52 | Age | Feudal Age |
| 9:53 | Build | Stable |
| 9:54 | Create | Villager (Male) |
| 9:54 | Create | Villager (Male) |
| 9:59 | Build | Blacksmith |
| 10:07 | Build | House |
| 10:23 | Create | Villager (Male) |
| 10:27 | Research | Double-Bit Axe |
| 10:28 | Research | Double-Bit Axe |
| 10:32 | Build | Farm |
| 10:33 | Build | Farm |
| 10:38 | Create | Scout Cavalry |
| 10:38 | Create | Scout Cavalry |
| 10:38 | Create | Scout Cavalry |
| 10:38 | Create | Scout Cavalry |
| 10:51 | Build | House |
| 10:57 | Build | Palisade Gate |
| 11:02 | Build | Palisade Wall |
| 11:03 | Create | Villager (Male) |
| 11:27 | Build | Farm |
| 11:29 | Create | Villager (Male) |
| 11:41 | Build | Farm |
| 11:45 | Create | Villager (Male) |
| 11:51 | Build | Farm |
| 12:02 | Create | Villager (Male) |
| 12:06 | Build | Farm |
| 12:14 | Create | Villager (Male) |
| 12:32 | Build | House |
| 12:36 | Create | Scout Cavalry |
| 12:36 | Create | Scout Cavalry |
| 12:41 | Create | Villager (Male) |
| 12:52 | Build | Farm |
| 13:05 | Research | Horse Collar |
| 13:31 | Create | Villager (Male) |
| 13:40 | Build | House |
| 13:46 | Research | Scale Barding Armor |
| 13:50 | Build | Farm |
| 14:01 | Create | Villager (Male) |
| 14:03 | Build | Farm |
| 14:06 | Create | Villager (Male) |
| 14:11 | Build | Farm |
| 14:24 | Create | Villager (Male) |
| 14:26 | Build | Farm |
| 14:44 | Build | House |
| 14:46 | Create | Villager (Male) |
| 14:58 | Build | Mining Camp |
| 15:20 | Build | House |
| 15:25 | Build | Farm |
| 15:33 | Create | Villager (Male) |
| 15:34 | Create | Villager (Male) |
| 15:43 | Build | Palisade Gate |
| 15:49 | Create | Scout Cavalry |
| 15:54 | Build | House |
| 16:00 | Build | House |
| 16:10 | Create | Villager (Male) |
| 16:10 | Create | Villager (Male) |
| 16:20 | Build | Watch Tower |
| 16:32 | Create | Scout Cavalry |
| 16:39 | Build | Farm |
| 16:40 | Build | Farm |
| 16:41 | Build | Farm |
| 17:00 | Build | Stable |
| 17:02 | Create | Villager (Male) |
| 17:02 | Create | Villager (Male) |
| 17:04 | Build | Farm |
| 17:07 | Build | Farm |
| 17:28 | Create | Villager (Male) |
| 17:30 | Build | Farm |
| 17:37 | Build | Farm |
| 17:46 | Build | House |
| 17:54 | Build | Farm |
| 18:28 | Build | Palisade Wall |
| 18:36 | Create | Villager (Male) |
| 18:37 | Create | Villager (Male) |
| 18:40 | Build | Farm |
| 18:52 | Build | Farm |
| 19:10 | Build | Farm |
| 19:31 | Create | Villager (Male) |
| 19:39 | Create | Villager (Male) |
| 20:08 | Build | Mining Camp |
| 20:16 | Build | House |
| 20:38 | Build | Palisade Wall |
| 20:41 | Research | Castle Age |
| 20:51 | Research | Bloodlines |
| 20:51 | Research | Bloodlines |
| 21:01 | Build | Lumber Camp |
| 21:16 | Create | Scout Cavalry ×3 |
| 21:16 | Create | Scout Cavalry ×3 |
| 21:29 | Research | Gold Mining |
| 21:29 | Research | Gold Mining |
| 21:43 | Create | Scout Cavalry |
| 22:03 | Create | Scout Cavalry |
| 22:03 | Create | Scout Cavalry |
| 22:03 | Create | Scout Cavalry |
| 22:22 | Create | Scout Cavalry |
| 22:22 | Create | Scout Cavalry |
| 22:23 | Create | Scout Cavalry |
| 22:49 | Research | Wheelbarrow |
| 22:49 | Research | Wheelbarrow |
| 23:09 | Create | Scout Cavalry |
| 23:09 | Create | Scout Cavalry |
| 23:21 | Age | Castle Age |
| 23:24 | Research | Light Cavalry (upgrade) |
| 23:33 | Create | Villager (Male) |
| 23:39 | Build | Town Center |
| 23:56 | Build | Monastery |
| 24:02 | Create | Villager (Male) |
| 24:17 | Research | Chain Barding Armor |
| 24:22 | Create | Villager (Male) |
| 24:45 | Create | Knight |
| 24:45 | Create | Knight |
| 25:05 | Create | Monk |
| 25:26 | Build | Farm |
| 25:31 | Create | Knight |
| 25:31 | Create | Knight |
| 25:32 | Research | Husbandry |
Build order — .
First 150 of 189 actions detected
| 0:03 | Create | Villager (Male) |
| 0:03 | Create | Villager (Male) |
| 0:03 | Create | Villager (Male) |
| 0:05 | Build | House |
| 0:30 | Create | Villager (Male) |
| 0:56 | Build | House |
| 0:58 | Build | House |
| 0:59 | Build | House |
| 1:23 | Create | Villager (Male) |
| 1:40 | Create | Villager (Male) |
| 2:11 | Create | Villager (Male) |
| 2:27 | Create | Villager (Male) |
| 2:34 | Build | Lumber Camp |
| 3:11 | Create | Villager (Male) |
| 3:25 | Create | Villager (Male) |
| 4:02 | Create | Villager (Male) |
| 4:14 | Create | Villager (Male) |
| 4:41 | Create | Villager (Male) |
| 5:06 | Build | Mill |
| 5:18 | Create | Villager (Male) |
| 5:33 | Create | Villager (Male) |
| 5:49 | Create | Villager (Male) |
| 6:31 | Build | House |
| 6:37 | Create | Villager (Male) |
| 7:02 | Build | Palisade Wall |
| 7:04 | Build | Palisade Wall |
| 7:20 | Research | Feudal Age |
| 8:17 | Create | Villager (Male) |
| 8:49 | Build | Barracks |
| 9:15 | Create | Villager (Male) |
| 9:24 | Research | Loom |
| 9:24 | Create | Villager (Male) |
| 9:25 | Create | Villager (Male) |
| 9:30 | Age | Feudal Age |
| 9:37 | Research | Double-Bit Axe |
| 9:46 | Create | Spearman |
| 9:54 | Build | Archery Range |
| 9:57 | Create | Villager (Male) |
| 10:06 | Build | Mining Camp |
| 10:19 | Create | Villager (Male) |
| 10:54 | Build | Archery Range |
| 10:59 | Create | Archer |
| 11:06 | Create | Villager (Male) |
| 11:38 | Create | Archer |
| 11:48 | Build | House |
| 11:58 | Build | Blacksmith |
| 12:02 | Create | Villager (Male) |
| 12:06 | Create | Villager (Male) |
| 12:10 | Create | Archer |
| 12:30 | Build | Watch Tower |
| 12:40 | Create | Villager (Male) |
| 13:13 | Research | Fletching |
| 13:14 | Create | Villager (Male) |
| 13:24 | Build | House |
| 13:31 | Create | Villager (Male) |
| 13:32 | Create | Archer |
| 13:34 | Create | Archer |
| 13:38 | Research | Padded Archer Armor |
| 13:46 | Research | Horse Collar |
| 13:56 | Build | House |
| 14:03 | Build | House |
| 14:04 | Build | House |
| 14:07 | Create | Villager (Male) |
| 14:10 | Create | Archer |
| 14:15 | Build | Farm |
| 14:16 | Build | Farm |
| 14:25 | Create | Archer |
| 14:47 | Create | Villager (Male) |
| 14:48 | Create | Archer |
| 14:48 | Create | Archer |
| 15:00 | Create | Villager (Male) |
| 15:02 | Build | Farm |
| 15:04 | Build | Farm |
| 15:14 | Create | Archer |
| 15:16 | Create | Villager (Male) |
| 15:24 | Build | Farm |
| 15:25 | Build | Farm |
| 15:26 | Build | Farm |
| 15:29 | Build | Farm |
| 15:36 | Create | Archer |
| 15:47 | Create | Villager (Male) |
| 16:11 | Create | Archer |
| 16:11 | Create | Archer |
| 16:30 | Create | Villager (Male) |
| 16:32 | Build | Farm |
| 16:34 | Build | Farm |
| 16:34 | Build | Farm |
| 16:50 | Create | Archer |
| 16:50 | Create | Archer |
| 16:51 | Create | Villager (Male) |
| 16:52 | Build | Farm |
| 16:55 | Build | Farm |
| 16:57 | Build | Farm |
| 17:15 | Create | Villager (Male) |
| 17:28 | Build | House |
| 17:29 | Build | House |
| 17:30 | Build | House |
| 17:35 | Build | Farm |
| 17:41 | Create | Archer |
| 17:41 | Create | Archer |
| 17:43 | Create | Villager (Male) |
| 18:37 | Create | Archer |
| 18:37 | Create | Archer |
| 18:57 | Create | Villager (Male) |
| 19:01 | Build | Farm |
| 19:01 | Build | Farm |
| 20:03 | Research | Castle Age |
| 20:04 | Create | Archer |
| 20:04 | Create | Archer |
| 20:55 | Create | Archer |
| 20:55 | Create | Archer |
| 21:12 | Build | Archery Range |
| 21:21 | Create | Archer |
| 21:28 | Build | House |
| 21:31 | Build | House |
| 21:33 | Build | House |
| 21:39 | Build | Palisade Wall |
| 21:47 | Create | Archer |
| 22:12 | Create | Archer |
| 22:12 | Create | Archer |
| 22:13 | Create | Archer |
| 22:20 | Build | House |
| 22:43 | Age | Castle Age |
| 22:45 | Research | Crossbowman (upgrade) |
| 22:55 | Research | Bodkin Arrow |
| 23:36 | Create | Archer ×5 |
| 24:11 | Create | Archer |
| 24:11 | Create | Archer |
| 24:11 | Create | Archer |
| 24:18 | Build | Mining Camp |
| 24:24 | Create | Archer |
| 24:24 | Create | Archer |
| 24:52 | Create | Villager (Male) |
| 24:53 | Create | Villager (Male) |
| 24:53 | Create | Villager (Male) |
| 25:08 | Create | Villager (Male) |
| 25:16 | Build | House |
| 25:17 | Build | House |
| 25:22 | Build | House |
| 25:26 | Create | Archer |
| 25:26 | Create | Archer |
| 25:26 | Create | Archer |
| 25:32 | Research | Gold Mining |
| 25:59 | Create | Archer |
| 26:00 | Create | Archer |
| 26:35 | Create | Villager (Male) |
| 26:35 | Create | Villager (Male) |
| 26:36 | Create | Villager (Male) |
| 26:40 | Research | Leather Archer Armor |
| 27:15 | Create | Villager (Male) |
Build order — p0n0n0
First 150 of 292 actions detected
| 0:01 | Create | Villager (Male) |
| 0:02 | Build | House |
| 0:04 | Build | House |
| 0:08 | Create | Villager (Male) |
| 0:11 | Create | Villager (Male) |
| 0:16 | Create | Villager (Male) |
| 1:34 | Create | Villager (Male) |
| 2:03 | Create | Villager (Male) |
| 2:31 | Create | Villager (Male) |
| 2:46 | Create | Villager (Male) |
| 3:24 | Create | Villager (Male) |
| 3:25 | Create | Villager (Male) |
| 3:28 | Create | Villager (Male) |
| 3:50 | Create | Villager (Male) |
| 3:58 | Build | House |
| 4:05 | Create | Villager (Male) |
| 4:26 | Create | Villager (Male) |
| 4:34 | Build | Lumber Camp |
| 5:18 | Create | Villager (Male) |
| 5:35 | Create | Villager (Male) |
| 5:36 | Create | Villager (Male) |
| 5:40 | Create | Villager (Male) |
| 5:55 | Research | Loom |
| 6:14 | Build | Mill |
| 6:20 | Create | Villager (Male) |
| 6:46 | Research | Feudal Age |
| 6:46 | Research | Feudal Age |
| 7:36 | Create | Villager (Male) |
| 8:13 | Create | Villager (Male) |
| 8:17 | Build | Barracks |
| 8:37 | Build | House |
| 8:56 | Age | Feudal Age |
| 9:01 | Create | Villager (Male) |
| 9:09 | Build | Stable |
| 9:13 | Create | Villager (Male) |
| 9:20 | Create | Villager (Male) |
| 9:23 | Build | House |
| 9:24 | Create | Villager (Male) |
| 9:45 | Research | Double-Bit Axe |
| 9:47 | Create | Scout Cavalry |
| 9:47 | Create | Scout Cavalry |
| 9:50 | Create | Scout Cavalry |
| 9:50 | Create | Scout Cavalry |
| 10:04 | Build | Palisade Wall |
| 10:27 | Build | House |
| 10:32 | Build | Palisade Wall |
| 10:38 | Build | House |
| 10:41 | Build | Palisade Wall |
| 10:42 | Create | Villager (Male) |
| 10:44 | Create | Villager (Male) |
| 10:46 | Build | House |
| 10:50 | Create | Scout Cavalry |
| 10:50 | Create | Scout Cavalry |
| 11:06 | Build | Farm |
| 11:08 | Build | Farm |
| 11:13 | Build | Farm |
| 11:19 | Build | Farm |
| 11:21 | Create | Villager (Male) |
| 11:32 | Build | Farm |
| 11:36 | Create | Scout Cavalry |
| 11:47 | Build | House |
| 11:51 | Build | Palisade Wall |
| 12:02 | Create | Villager (Male) |
| 12:21 | Build | House |
| 12:32 | Create | Villager (Male) |
| 12:36 | Create | Scout Cavalry |
| 12:36 | Create | Scout Cavalry |
| 13:06 | Create | Villager (Male) |
| 13:18 | Build | Farm |
| 13:18 | Build | Farm |
| 13:19 | Build | Farm |
| 13:19 | Build | Farm |
| 13:19 | Build | Farm |
| 13:19 | Build | Farm |
| 13:30 | Create | Villager (Male) |
| 13:32 | Create | Scout Cavalry |
| 13:32 | Create | Scout Cavalry |
| 13:50 | Create | Villager (Male) |
| 14:01 | Create | Villager (Male) |
| 14:07 | Create | Villager (Male) |
| 14:12 | Build | Blacksmith |
| 14:15 | Build | Farm |
| 14:16 | Build | Farm |
| 14:16 | Build | Farm |
| 14:16 | Build | Farm |
| 14:16 | Build | Farm |
| 14:23 | Create | Scout Cavalry |
| 14:23 | Create | Scout Cavalry |
| 14:31 | Build | Palisade Wall |
| 14:39 | Create | Villager (Male) |
| 14:58 | Build | Farm |
| 14:59 | Build | Farm |
| 14:59 | Build | Farm |
| 15:07 | Create | Scout Cavalry |
| 15:07 | Create | Scout Cavalry |
| 15:17 | Build | House |
| 15:24 | Build | Farm |
| 15:24 | Build | Farm |
| 15:31 | Research | Forging |
| 15:36 | Build | Farm |
| 15:37 | Build | Farm |
| 15:42 | Build | House |
| 15:44 | Build | House |
| 15:52 | Create | Villager (Male) |
| 16:03 | Create | Villager (Male) |
| 16:20 | Build | Palisade Wall |
| 16:26 | Create | Villager (Male) |
| 16:30 | Create | Scout Cavalry |
| 16:32 | Create | Villager (Male) |
| 16:35 | Build | Farm |
| 16:35 | Build | Farm |
| 16:52 | Build | Palisade Wall |
| 17:05 | Create | Villager (Male) |
| 17:06 | Create | Scout Cavalry |
| 17:06 | Create | Scout Cavalry |
| 17:06 | Create | Scout Cavalry |
| 17:16 | Build | House |
| 17:17 | Build | House |
| 17:31 | Build | Lumber Camp |
| 17:42 | Research | Scale Barding Armor |
| 17:43 | Create | Villager (Male) |
| 17:46 | Create | Scout Cavalry |
| 18:08 | Create | Villager (Male) |
| 18:09 | Create | Scout Cavalry |
| 18:24 | Create | Villager (Male) |
| 18:36 | Create | Villager (Male) |
| 18:41 | Create | Villager (Male) |
| 18:55 | Build | Farm |
| 18:56 | Create | Villager (Male) |
| 18:57 | Build | Mining Camp |
| 19:02 | Create | Villager (Male) |
| 19:07 | Create | Villager (Male) |
| 19:12 | Create | Villager (Male) |
| 19:15 | Create | Villager (Male) |
| 19:23 | Create | Villager (Male) |
| 19:48 | Create | Villager (Male) |
| 19:56 | Create | Villager (Male) |
| 20:20 | Create | Villager (Male) |
| 20:21 | Create | Scout Cavalry |
| 20:21 | Create | Scout Cavalry |
| 20:21 | Create | Scout Cavalry |
| 20:21 | Create | Scout Cavalry |
| 20:22 | Create | Scout Cavalry |
| 20:25 | Build | House |
| 20:27 | Create | Villager (Male) |
| 20:28 | Build | Farm |
| 20:29 | Build | Farm |
| 20:29 | Build | Farm |
| 20:29 | Build | Farm |
| 20:30 | Build | Farm |
Build order — _FJ_将心
First 150 of 300 actions detected
| 0:03 | Research | Loom |
| 0:03 | Create | Villager (Male) |
| 0:03 | Create | Villager (Male) |
| 0:04 | Create | Villager (Male) |
| 0:04 | Create | Villager (Male) |
| 0:05 | Build | House |
| 0:06 | Build | House |
| 1:25 | Create | Villager (Male) |
| 1:48 | Build | Lumber Camp |
| 1:58 | Create | Villager (Male) |
| 2:10 | Create | Villager (Male) |
| 2:10 | Create | Villager (Male) |
| 2:45 | Create | Villager (Male) |
| 3:01 | Create | Villager (Male) |
| 3:01 | Create | Villager (Male) |
| 3:26 | Build | House |
| 3:40 | Create | Villager (Male) |
| 3:40 | Create | Villager (Male) |
| 4:05 | Create | Villager (Male) |
| 4:05 | Create | Villager (Male) |
| 4:36 | Create | Villager (Male) |
| 4:37 | Create | Villager (Male) |
| 4:37 | Create | Villager (Male) |
| 4:37 | Create | Villager (Male) |
| 5:30 | Create | Villager (Male) |
| 5:30 | Create | Villager (Male) |
| 5:34 | Build | Mining Camp |
| 5:52 | Create | Villager (Male) |
| 5:53 | Create | Villager (Male) |
| 5:53 | Create | Villager (Male) |
| 5:53 | Create | Villager (Male) |
| 6:13 | Create | Villager (Male) |
| 6:52 | Build | House |
| 6:58 | Research | Feudal Age |
| 7:40 | Build | Barracks |
| 8:06 | Create | Villager (Male) |
| 8:30 | Build | House |
| 9:08 | Age | Feudal Age |
| 9:10 | Build | Archery Range |
| 9:19 | Build | Archery Range |
| 9:23 | Research | Double-Bit Axe |
| 9:23 | Research | Double-Bit Axe |
| 9:25 | Create | Villager (Male) |
| 10:02 | Create | Villager (Male) |
| 10:04 | Build | House |
| 10:10 | Create | Archer |
| 10:11 | Create | Archer |
| 10:14 | Build | House |
| 10:19 | Create | Villager (Male) |
| 10:28 | Build | Mill |
| 10:46 | Create | Villager (Male) |
| 10:50 | Create | Archer |
| 10:51 | Create | Archer |
| 11:00 | Create | Villager (Male) |
| 11:17 | Create | Archer |
| 11:17 | Create | Archer |
| 11:20 | Create | Villager (Male) |
| 11:42 | Create | Villager (Male) |
| 11:50 | Build | Blacksmith |
| 11:56 | Create | Villager (Male) |
| 11:57 | Create | Archer |
| 11:57 | Create | Archer |
| 12:14 | Create | Archer |
| 12:33 | Create | Archer |
| 12:34 | Create | Archer |
| 12:39 | Research | Fletching |
| 13:05 | Create | Villager (Male) |
| 13:09 | Create | Archer |
| 13:14 | Build | House |
| 13:19 | Build | House |
| 13:27 | Build | Palisade Wall |
| 13:30 | Create | Villager (Male) |
| 13:35 | Build | House |
| 13:48 | Build | Farm |
| 13:48 | Build | Farm |
| 13:50 | Build | Farm |
| 13:54 | Create | Archer |
| 13:59 | Research | Padded Archer Armor |
| 14:00 | Research | Padded Archer Armor |
| 14:04 | Build | Palisade Gate |
| 14:05 | Build | House |
| 14:07 | Create | Archer |
| 14:10 | Create | Villager (Male) |
| 14:11 | Build | Farm |
| 14:22 | Create | Villager (Male) |
| 14:24 | Build | Farm |
| 14:31 | Create | Archer |
| 14:31 | Create | Archer |
| 14:36 | Build | Palisade Wall |
| 14:42 | Create | Archer |
| 14:44 | Create | Villager (Male) |
| 14:52 | Build | Farm |
| 15:17 | Build | House |
| 15:20 | Create | Archer |
| 15:23 | Create | Villager (Male) |
| 15:32 | Create | Villager (Male) |
| 15:35 | Build | Farm |
| 15:54 | Create | Archer |
| 15:54 | Create | Archer |
| 15:56 | Build | Farm |
| 15:58 | Research | Horse Collar |
| 15:58 | Research | Horse Collar |
| 16:01 | Create | Archer |
| 16:01 | Create | Archer |
| 16:07 | Build | Palisade Gate |
| 16:13 | Build | House |
| 16:14 | Build | Palisade Wall |
| 16:20 | Build | House |
| 16:23 | Create | Archer |
| 16:23 | Create | Archer |
| 16:25 | Create | Villager (Male) |
| 16:39 | Build | Palisade Wall |
| 16:40 | Build | Palisade Wall |
| 16:40 | Build | Palisade Wall |
| 17:09 | Create | Villager (Male) |
| 17:11 | Build | Palisade Gate |
| 17:18 | Build | Lumber Camp |
| 17:22 | Research | Wheelbarrow |
| 17:22 | Research | Wheelbarrow |
| 17:25 | Build | Farm |
| 17:29 | Build | Farm |
| 17:39 | Create | Archer |
| 17:50 | Build | House |
| 17:53 | Build | Palisade Wall |
| 18:10 | Create | Archer |
| 18:10 | Create | Archer |
| 18:15 | Create | Villager (Male) |
| 18:18 | Build | Farm |
| 18:44 | Build | Farm |
| 18:45 | Build | Farm |
| 19:00 | Build | Farm |
| 19:01 | Create | Archer |
| 19:12 | Create | Archer |
| 19:13 | Create | Villager (Male) |
| 19:27 | Build | Farm |
| 19:32 | Build | Farm |
| 19:44 | Create | Villager (Male) |
| 20:03 | Create | Archer |
| 20:03 | Create | Archer |
| 20:12 | Build | Lumber Camp |
| 20:16 | Research | Castle Age |
| 20:17 | Research | Castle Age |
| 20:21 | Research | Gold Mining |
| 20:21 | Research | Gold Mining |
| 20:23 | Create | Archer |
| 20:49 | Create | Archer |
| 21:13 | Build | House |
| 21:18 | Build | Palisade Wall |
| 21:20 | Build | Palisade Wall |
| 21:34 | Create | Archer |
Build order — Tonymontana
First 150 of 216 actions detected
| 0:01 | Create | Villager (Male) |
| 0:02 | Create | Villager (Male) |
| 0:02 | Create | Villager (Male) |
| 0:02 | Create | Villager (Male) |
| 0:03 | Build | House |
| 0:05 | Build | House |
| 1:36 | Create | Villager (Male) |
| 2:01 | Create | Villager (Male) |
| 2:01 | Create | Villager (Male) |
| 2:16 | Create | Villager (Male) |
| 2:16 | Create | Villager (Male) |
| 2:47 | Create | Villager (Male) |
| 2:47 | Create | Villager (Male) |
| 2:49 | Build | Lumber Camp |
| 3:20 | Create | Villager (Male) |
| 3:20 | Create | Villager (Male) |
| 3:21 | Create | Villager (Male) |
| 3:25 | Build | House |
| 4:11 | Create | Villager (Male) |
| 4:12 | Create | Villager (Male) |
| 4:12 | Create | Villager (Male) |
| 4:46 | Create | Villager (Male) |
| 4:47 | Create | Villager (Male) |
| 6:14 | Create | Villager (Male) |
| 6:23 | Research | Loom |
| 6:37 | Build | Mining Camp |
| 7:06 | Build | House |
| 7:09 | Build | House |
| 7:16 | Research | Feudal Age |
| 8:09 | Create | Villager (Male) |
| 8:09 | Create | Villager (Male) |
| 8:54 | Build | Barracks |
| 9:26 | Age | Feudal Age |
| 9:35 | Create | Villager (Male) |
| 9:47 | Build | Archery Range |
| 10:06 | Build | Archery Range |
| 10:18 | Create | Villager (Male) |
| 10:29 | Create | Archer |
| 10:29 | Create | Archer |
| 10:40 | Research | Double-Bit Axe |
| 10:43 | Create | Archer |
| 10:58 | Create | Villager (Male) |
| 11:10 | Create | Villager (Male) |
| 11:17 | Build | House |
| 11:29 | Create | Archer |
| 11:29 | Create | Archer |
| 11:49 | Build | House |
| 11:52 | Build | Mill |
| 11:55 | Create | Villager (Male) |
| 11:58 | Create | Villager (Male) |
| 12:00 | Create | Villager (Male) |
| 12:00 | Create | Villager (Male) |
| 12:43 | Create | Archer |
| 12:43 | Create | Archer |
| 12:43 | Create | Archer |
| 13:00 | Build | House |
| 13:01 | Build | House |
| 13:19 | Build | House |
| 13:23 | Build | House |
| 13:24 | Build | House |
| 13:31 | Build | House |
| 13:34 | Create | Villager (Male) |
| 13:35 | Create | Archer |
| 13:35 | Create | Archer |
| 13:45 | Build | House |
| 13:56 | Create | Villager (Male) |
| 14:06 | Create | Villager (Male) |
| 14:22 | Build | House |
| 14:25 | Create | Archer |
| 14:25 | Create | Archer |
| 14:42 | Build | Blacksmith |
| 14:43 | Build | House |
| 14:44 | Build | House |
| 14:48 | Create | Archer |
| 14:48 | Create | Archer |
| 14:49 | Create | Villager (Male) |
| 14:49 | Create | Villager (Male) |
| 14:49 | Create | Villager (Male) |
| 14:50 | Create | Villager (Male) |
| 14:58 | Build | Farm |
| 15:02 | Build | Farm |
| 15:22 | Build | House |
| 15:27 | Build | House |
| 15:56 | Build | Farm |
| 15:57 | Build | Farm |
| 15:59 | Create | Archer |
| 16:08 | Create | Villager (Male) |
| 16:09 | Create | Archer |
| 16:10 | Create | Archer |
| 16:30 | Create | Villager (Male) |
| 16:31 | Create | Archer |
| 16:31 | Create | Archer |
| 16:32 | Create | Archer |
| 16:57 | Create | Villager (Male) |
| 16:58 | Create | Archer |
| 16:58 | Create | Archer |
| 17:15 | Research | Fletching |
| 17:47 | Create | Villager (Male) |
| 17:47 | Create | Villager (Male) |
| 17:56 | Build | Watch Tower |
| 17:57 | Create | Villager (Male) |
| 17:58 | Create | Villager (Male) |
| 18:34 | Create | Villager (Male) |
| 18:34 | Create | Villager (Male) |
| 18:35 | Create | Villager (Male) |
| 19:13 | Create | Villager (Male) |
| 19:26 | Build | House |
| 19:28 | Build | House |
| 19:37 | Create | Villager (Male) |
| 19:37 | Create | Villager (Male) |
| 20:17 | Build | Farm |
| 20:21 | Create | Villager (Male) |
| 20:21 | Create | Villager (Male) |
| 20:24 | Create | Archer |
| 20:24 | Create | Archer |
| 20:24 | Create | Archer |
| 20:24 | Create | Archer |
| 20:25 | Create | Archer |
| 20:33 | Build | House |
| 20:34 | Build | House |
| 20:35 | Build | House |
| 20:37 | Build | House |
| 20:39 | Build | House |
| 20:50 | Build | Farm |
| 20:51 | Build | Farm |
| 20:54 | Create | Villager (Male) |
| 20:54 | Create | Villager (Male) |
| 21:20 | Build | Palisade Wall |
| 21:27 | Build | Palisade Wall |
| 21:38 | Build | Palisade Wall |
| 21:40 | Create | Villager (Male) |
| 21:40 | Create | Villager (Male) |
| 21:40 | Create | Villager (Male) |
| 21:41 | Create | Archer |
| 21:42 | Create | Archer |
| 21:42 | Create | Archer |
| 21:42 | Create | Archer |
| 21:43 | Create | Archer |
| 22:09 | Create | Villager (Male) |
| 22:48 | Create | Villager (Male) |
| 22:57 | Build | Farm |
| 22:59 | Create | Villager (Male) |
| 22:59 | Create | Archer |
| 23:00 | Create | Archer |
| 23:01 | Create | Archer |
| 23:05 | Build | Farm |
| 23:22 | Create | Villager (Male) |
| 23:23 | Create | Villager (Male) |
| 23:31 | Build | Farm |
| 23:40 | Create | Archer |
Match timeline
| 4:02 | Xrouma · wall_segment Palisade Wall x1 |
| 6:30 | ccereal · first_building Barracks |
| 6:42 | ccereal · wall_segment Palisade Wall x1 |
| 6:43 | ccereal · wall_segment Palisade Wall x1 |
| 6:45 | ccereal · wall_segment Palisade Wall x1 |
| 6:46 | ccereal · wall_segment Palisade Wall x1 |
| 7:02 | . · wall_segment Palisade Wall x3 |
| 7:04 | . · wall_segment Palisade Wall x2 |
| 7:24 | Xrouma · first_building Barracks |
| 7:36 | ccereal · age_up feudal |
| 7:38 | ccereal · first_building Archery Range |
| 7:40 | _FJ_将心 · first_building Barracks |
| 7:51 | _FJ_菜并快乐 · first_building Barracks |
| 8:15 | AstrowPro · first_building Barracks |
| 8:17 | p0n0n0 · first_building Barracks |
| 8:26 | Xrouma · age_up feudal |
| 8:33 | Xrouma · first_building Stable |
| 8:42 | _FJ_菜并快乐 · wall_segment Palisade Wall x5 |
| 8:49 | . · first_building Barracks |
| 8:54 | Tonymontana · first_building Barracks |
| 8:56 | p0n0n0 · age_up feudal |
| 9:07 | _FJ_菜并快乐 · wall_segment Palisade Wall x9 |
| 9:08 | _FJ_将心 · age_up feudal |
| 9:09 | p0n0n0 · first_building Stable |
| 9:10 | _FJ_将心 · first_building Archery Range |
| 9:22 | AstrowPro · wall_segment Palisade Wall x1 |
| 9:23 | AstrowPro · wall_segment Palisade Wall x1 |
| 9:23 | AstrowPro · wall_segment Palisade Wall x1 |
| 9:24 | AstrowPro · wall_segment Palisade Wall x1 |
| 9:26 | Tonymontana · age_up feudal |
| 9:30 | Xrouma · wall_segment Palisade Wall x6 |
| 9:30 | . · age_up feudal |
| 9:47 | Tonymontana · first_building Archery Range |
| 9:52 | _FJ_菜并快乐 · age_up feudal |
| 9:53 | _FJ_菜并快乐 · first_building Stable |
| 9:54 | . · first_building Archery Range |
| 10:04 | p0n0n0 · wall_segment Palisade Wall x9 |
| 10:07 | AstrowPro · age_up feudal |
| 10:11 | AstrowPro · first_building Stable |
| 10:21 | AstrowPro · wall_segment Palisade Wall x1 |
| 10:23 | AstrowPro · wall_segment Palisade Wall x1 |
| 10:24 | AstrowPro · wall_segment Palisade Wall x1 |
| 10:24 | Xrouma · wall_segment Palisade Wall x10 |
| 10:25 | AstrowPro · wall_segment Palisade Wall x1 |
| 10:32 | p0n0n0 · wall_segment Palisade Wall x1 |
| 10:41 | ccereal · wall_segment Palisade Wall x9 |
| 10:41 | p0n0n0 · wall_segment Palisade Wall x7 |
| 11:02 | _FJ_菜并快乐 · wall_segment Palisade Wall x3 |
| 11:51 | p0n0n0 · wall_segment Palisade Wall x7 |
| 11:58 | AstrowPro · wall_segment Palisade Wall x1 |
| 11:59 | AstrowPro · wall_segment Palisade Wall x1 |
| 11:59 | AstrowPro · wall_segment Palisade Wall x1 |
| 12:08 | Xrouma · wall_segment Palisade Wall x8 |
| 12:22 | Xrouma · wall_segment Palisade Wall x13 |
| 12:43 | ccereal · wall_segment Palisade Wall x1 |
| 12:53 | ccereal · wall_segment Palisade Wall x1 |
| 12:54 | ccereal · wall_segment Palisade Wall x1 |
| 13:11 | ccereal · wall_segment Palisade Wall x15 |
| 13:15 | Xrouma · wall_segment Palisade Wall x5 |
| 13:27 | _FJ_将心 · wall_segment Palisade Wall x7 |
| 13:36 | AstrowPro · wall_segment Palisade Wall x1 |
| 13:52 | Xrouma · wall_segment Palisade Wall x6 |
| 14:20 | Xrouma · wall_segment Palisade Wall x8 |
| 14:31 | p0n0n0 · wall_segment Palisade Wall x1 |
| 14:36 | _FJ_将心 · wall_segment Palisade Wall x4 |
| 14:49 | Xrouma · wall_segment Palisade Wall x8 |
| 15:42 | Xrouma · wall_segment Palisade Wall x4 |
| 16:14 | _FJ_将心 · wall_segment Palisade Wall x1 |
| 16:19 | AstrowPro · wall_segment Palisade Wall x10 |
| 16:20 | p0n0n0 · wall_segment Palisade Wall x12 |
| 16:30 | AstrowPro · wall_segment Palisade Wall x13 |
| 16:34 | AstrowPro · wall_segment Palisade Wall x13 |
| 16:39 | _FJ_将心 · wall_segment Palisade Wall x2 |
| 16:40 | _FJ_将心 · wall_segment Palisade Wall x1 |
| 16:40 | _FJ_将心 · wall_segment Palisade Wall x1 |
| 16:52 | p0n0n0 · wall_segment Palisade Wall x13 |
| 17:47 | AstrowPro · wall_segment Palisade Wall x8 |
| 17:53 | _FJ_将心 · wall_segment Palisade Wall x1 |
| 18:28 | _FJ_菜并快乐 · wall_segment Palisade Wall x3 |
| 20:22 | AstrowPro · wall_segment Palisade Wall x17 |
| 20:38 | _FJ_菜并快乐 · wall_segment Palisade Wall x6 |
| 21:18 | _FJ_将心 · wall_segment Palisade Wall x1 |
| 21:20 | Tonymontana · wall_segment Palisade Wall x1 |
| 21:20 | _FJ_将心 · wall_segment Palisade Wall x1 |
| 21:21 | AstrowPro · wall_segment Palisade Wall x1 |
| 21:27 | Tonymontana · wall_segment Palisade Wall x3 |
| 21:38 | Tonymontana · wall_segment Palisade Wall x2 |
| 21:39 | . · wall_segment Palisade Wall x1 |
| 22:00 | ccereal · age_up castle |
| 22:43 | . · age_up castle |
| 22:56 | _FJ_将心 · age_up castle |
| 23:18 | AstrowPro · wall_segment Palisade Wall x8 |
| 23:21 | _FJ_菜并快乐 · age_up castle |
| 23:26 | AstrowPro · wall_segment Palisade Wall x8 |
| 23:42 | AstrowPro · wall_segment Palisade Wall x1 |
| 23:44 | AstrowPro · wall_segment Palisade Wall x1 |
| 23:45 | AstrowPro · wall_segment Palisade Wall x1 |
| 23:46 | AstrowPro · wall_segment Palisade Wall x1 |
| 23:56 | _FJ_菜并快乐 · first_building Monastery |
| 24:08 | Xrouma · age_up castle |
| 25:11 | AstrowPro · age_up castle |
| 25:37 | p0n0n0 · age_up castle |
| 26:38 | AstrowPro · wall_segment Palisade Wall x1 |
| 27:12 | AstrowPro · wall_segment Palisade Wall x11 |
| 29:11 | . · first_building Castle |
| 30:24 | _FJ_将心 · first_building Monastery |
| 30:52 | AstrowPro · wall_segment Palisade Wall x1 |
| 31:32 | Tonymontana · age_up castle |
| 31:32 | ccereal · first_market_sell 100 wood |
| 31:34 | ccereal · first_market_buy 100 stone |
| 31:35 | _FJ_菜并快乐 · first_building Castle |
| 31:37 | ccereal · first_building Castle |
| 31:55 | Xrouma · first_building Siege Workshop |
| 32:35 | Xrouma · first_building Monastery |
| 32:58 | p0n0n0 · resign |
[ AI ANALYSIS · 1 CREDIT ]
What really happened in this match?
Wolo.gg analyzes every decision: build order, eco, micro, common mistakes by bracket. Personalized analysis on WhatsApp or Discord in 30 seconds.
Civ guide
Berbers
Map guide
Arabia
Perfil
Jugador #2323303